Cogmind - Beta 11.1 @@@ ROGUE MODE // 2022.06.25 @ 22:53:18 Player: Malakyel Result: Destroyed by G-34 Mercenary with Small Laser Performance ------------- Evolutions (1) 500 Regions Visited (4) 800 Robots Destroyed (30) 150 Value Destroyed (817) 817 Prototype IDs (4) 80 Alien Tech Used (0) 0 Bonus (0) 0 TOTAL SCORE: 2347 Bonus ------- None Cogmind --------- Core Integrity 0/400 Matter 265/300 Energy 53/250 System Corruption 7% Temperature Cool (6) Movement Core (450) Ox8 Location -9/Storage Parts ------- > --- POWER (1) -------- Ion Engine > --- PROPULSION (3) --- (None) > --- UTILITY (3) ------ Large Storage Unit Signal Interpreter ECM Suite > --- WEAPON (2) ------- (None) > --- INVENTORY (15) --- Heat Sink High-capacity Battery (250) Signal Interpreter Peak State ------------ > --- POWER ------------ Ion Engine > --- PROPULSION ------- Aluminum Leg Aluminum Leg Aluminum Leg > --- UTILITY ---------- Large Storage Unit Core Shielding Medium Armor Plating > --- WEAPON ----------- Small Laser Light Assault Rifle > --- INVENTORY -------- Ion Engine Aluminum Leg Heat Sink Large Battery High-capacity Battery Signal Interpreter Signal Interpreter ECM Suite Small Laser Small Laser Datajack Hammer [Rating: 11] Favorites ----------- Power Light Ion Engine Engine Light Ion Engine Propulsion Aluminum Leg Leg Aluminum Leg Wheel Wheel Utility Large Storage Unit Device Sensor Array Storage Large Storage Unit Processor Targeting Computer Protection Core Shielding Weapon Small Laser Energy Gun Small Laser Ballistic Gun Light Assault Rifle Launcher Grenade Launcher Impact Weapon Hammer Special Melee Weapon Datajack Build | -11 -10 -10 -9 -9 ------- Run | Scr Mat Min Mat Sto Slots Evolved 2 | . . . 2 . Power . | . . . . . Propulsion 1 | . . . 1 . Utility 1 | . . . 1 . Weapon . | . . . . . Parts Attached 49 | 5 10 6 14 14 Power 6 | 1 . 1 1 3 Engine 6 | 1 . 1 1 3 Core . | . . . . . Reactor . | . . . . . Propulsion 11 | 2 4 2 3 . Treads . | . . . . . Leg 9 | . 4 2 3 . Wheel 2 | 2 . . . . Hover . | . . . . . Flight . | . . . . . Utility 12 | 1 3 1 3 4 Device 4 | . 2 . 1 1 Storage 2 | 1 1 . . . Processor 2 | . . . 1 1 Hackware . | . . . . . Protection 4 | . . 1 1 2 Artifact . | . . . . . Weapon 20 | 1 3 2 7 7 Energy Gun 12 | 1 2 2 4 3 Energy Cannon . | . . . . . Ballistic Gun 2 | . . . 1 1 Ballistic Cannon . | . . . . . Launcher 2 | . 1 . 1 . Special Weapon . | . . . . . Impact Weapon 3 | . . . 1 2 Slashing Weapon . | . . . . . Piercing Weapon . | . . . . . Special Melee Weapon 1 | . . . . 1 Unidentified Prototypes . | . . . . . Parts Lost 24 | . 2 1 8 13 Power 4 | . 1 . 1 2 Propulsion 5 | . . . 2 3 Utility 6 | . 1 . 1 4 Weapon 9 | . . 1 4 4 Highest Loss Streak 6 | . 2 1 6 6 To Critical Strikes . | . . . . . Average Slot Usage (%) 90 | . 93 85 92 80 Engine 9 | . 10 1 10 9 Leg 23 | . 20 28 29 18 Wheel 3 | . 7 . . . Device 6 | . 12 . 1 . Storage 12 | . 14 14 11 11 Processor 2 | . . . 4 11 Protection 7 | . . 14 15 9 Energy Gun 18 | . 23 26 9 15 Ballistic Gun 2 | . . . 7 3 Launcher 1 | . 3 . . . Naked Turns . | . . . . . Heaviest Build 36 | 10 27 27 35 36 Greatest Support 30 | 20 20 20 30 30 Greatest Overweight (x) 11 | 1 1 1 3 11 Average Overweight (x) . | . . 1 . 1 Largest Inventory Capacity 15 | 8 15 15 15 15 Average Capacity 13 | 6 12 15 15 15 Most Carried 15 | 7 15 15 15 14 Average Carried 11 | 3 10 13 12 11 Final Capacity 15 | 8 15 15 15 15 Final Carried 14 | 7 13 14 14 3 Class Distribution -------------------- 71% | Mutant 28% | Scavenger-Mutant Dominant Class ---------------- Mutant | -10/Materials Mutant | -10/Mines Scavenger-Mutant | -9/Materials Scavenger-Mutant | -9/Storage Resources | -11 -10 -10 -9 -9 ----------- Run | Scr Mat Min Mat Sto Matter Collected 849 | 194 116 98 281 160 Remotely . | . . . . . Salvage Created 945 | . 272 98 314 261 Parts 48 | . 20 4 11 13 Haulers Intercepted . | . . . . . Recyclers Shooed . | . . . . . Parts Field Recycled . | . . . . . Retrieved Matter . | . . . . . Parts Self-Destructed . | . . . . . Prevented . | . . . . . Kills | -11 -10 -10 -9 -9 ------- Run | Scr Mat Min Mat Sto Combat Hostiles Destroyed 24 | . 7 5 8 4 Guns 18 | . 5 3 6 4 AOE 6 | . 2 2 2 . Classes Destroyed 8 | . 4 . 2 2 Builder 2 | . 2 . . . Recycler 1 | . . . . 1 Operator 1 | . . . . 1 Watcher 2 | . 2 . . . Swarmer 6 | . 3 3 . . Grunt 14 | . 4 2 5 3 Brawler 1 | . . . 1 . Sentry 3 | . . . 2 1 Best Kill Streak 4 | . 4 2 3 2 Combat Bots Only 3 | . 3 2 3 2 Max Kills in Single Turn 2 | . 1 2 1 1 Gunslinging . | . . . . . Exploded 2 | . 1 2 1 . Melee . | . . . . . Uniques/NPCs Destroyed . | . . . . . Combat | -11 -10 -10 -9 -9 -------- Run | Scr Mat Min Mat Sto Damage Taken 2666 | . 539 287 838 1002 Core 640 | . 159 78 111 292 Absorbed by Shields . | . . . . . Redirected to Shielding 50 | . . 15 23 12 Core Remaining (%) 52 | 100 . 5 . . Volleys Fired 144 | . 46 13 52 33 Largest 2 | . 2 2 2 2 Hottest 95 | . 90 80 95 80 Shots Fired 219 | . 83 21 66 49 Gun 199 | . 71 18 61 49 Cannon . | . . . . . Launcher 20 | . 12 3 5 . Special . | . . . . . Kinetic 44 | . . . 30 14 Thermal 126 | . 61 8 31 26 Explosive 20 | . 12 3 5 . Electromagnetic 29 | . 10 10 . 9 Robot Hit Streak 19 | . 11 4 10 19 Robot Miss Streak 13 | . 13 3 3 1 Penetration Max . | . . . . . Secondary Targets 2 | . 1 . . 1 Max Gunslinging Chain 1 | . 1 . . 1 Shots Hit Robots 129 | . 29 12 44 44 Core Hits 52 | . 16 6 17 13 Critical Kills . | . . . . . Critical Parts Destroyed . | . . . . . Critical Strikes 4 | . 2 . 1 1 Burn 3 | . 2 . 1 . Corrupt 1 | . . . . 1 Melee Attacks 4 | . . . 1 3 Impact 4 | . . . 1 3 Slashing . | . . . . . Piercing . | . . . . . Sneak Attacks . | . . . . . Combat Hostiles . | . . . . . Follow-up Attacks . | . . . . . Damage Inflicted 1968 | . 554 336 588 490 Guns 1312 | . 369 98 400 445 Cannons . | . . . . . Explosions 611 | . 185 238 188 . Melee 45 | . . . . 45 Ramming . | . . . . . Kinetic 307 | . . . 190 117 Thermal 808 | . 281 43 210 274 Explosive 611 | . 185 238 188 . Electromagnetic 197 | . 88 55 . 54 Impact 45 | . . . . 45 Slashing . | . . . . . Piercing . | . . . . . Highest Corruption 7 | . . . 7 7 Average Corruption 6 | . . . 6 7 Corruption Purged . | . . . . . Corruption Blocked . | . . . . . Effects 30 | . . . 16 14 Matter Fused 7 | . . . 2 5 Heat Flow Errors 2 | . . . 1 1 Energy Discharges 7 | . . . 5 2 Parts Rejected 2 | . . . . 2 Data Loss (minor) 3 | . . . 3 . Data Loss (major) 3 | . . . 2 1 Misfires 1 | . . . 1 . Weapon Failures 5 | . . . 2 3 Overload Shots . | . . . . . Overflow Damage 26 | . . 26 . . Projectiles . | . . . . . Explosions 26 | . . 26 . . Melee . | . . . . . Knockbacks . | . . . . . Impact . | . . . . . Kinetic . | . . . . . Secondary . | . . . . . Self-Inflicted Damage 171 | . 61 72 38 . Shots 6 | . 2 3 1 . Rammed . | . . . . . Targets Rammed . | . . . . . Kicked . | . . . . . Crushed . | . . . . . Highest Temperature 274 | . 274 36 150 273 Average Temperature 61 | . 86 7 42 47 Received Heat Transfer 1041 | . 114 51 336 540 Siege Activations . | . . . . . Robots Corrupted . | . . . . . Combat Hostiles . | . . . . . Parts Fried . | . . . . . Impact Corruptions . | . . . . . Robots Melted . | . . . . . Combat Hostiles . | . . . . . Parts Melted 5 | . . 1 4 . Heat Transferred 2214 | . 916 100 573 625 Parts Sabotaged . | . . . . . Parts Stolen . | . . . . . Parts Stripped . | . . . . . Power Chain Reactions . | . . . . . Missiles Intercepted . | . . . . . Alert | -11 -10 -10 -9 -9 ------- Run | Scr Mat Min Mat Sto Peak Influence 296 | . 226 296 267 144 Initial 115 | . . 87 115 71 Average 121 | . 70 213 199 114 Maximum Alert Level 1 | . 1 1 1 . Low Security (%) 82 | 100 98 67 47 100 Level 1 17 | . 1 32 52 . Level 2 . | . . . . . Level 3 . | . . . . . Level 4 . | . . . . . Level 5 . | . . . . . High Security . | . . . . . Max Security . | . . . . . Squads Dispatched 6 | . 1 . 2 3 Investigation 2 | . . . 1 1 Extermination . | . . . . . Reinforcement 4 | . 1 . 1 2 Assault . | . . . . . Garrison . | . . . . . Intercept . | . . . . . Searches Triggered . | . . . . . Construction Impeded . | . . . . . Haulers Reinforced . | . . . . . Active Scanning Responses . | . . . . . Cargo Convoy Interrupts . | . . . . . Stealth | -11 -10 -10 -9 -9 --------- Run | Scr Mat Min Mat Sto Distress Signals 4 | . 2 . 2 . Communications Jammed . | . . . . . Distress Signals . | . . . . . Times Spotted 54 | . 15 6 19 14 Peak Tracking Total 7 | . 3 3 7 4 Tactical Retreats 3 | . . 1 1 1 Traps | -11 -10 -10 -9 -9 ------- Run | Scr Mat Min Mat Sto Traps Triggered . | . . . . . Indirectly . | . . . . . Trap Hack Attempts . | . . . . . Triggered . | . . . . . Disarmed 6 | . 6 . . . Reprogrammed . | . . . . . Reused . | . . . . . Traps Extracted . | . . . . . Installed . | . . . . . Triggered . | . . . . . Machines | -11 -10 -10 -9 -9 ---------- Run | Scr Mat Min Mat Sto Machines Disabled 2 | . 1 1 . . Max in Single Turn 1 | . 1 1 . . Machines Sabotaged . | . . . . . Garrisons Compromised . | . . . . . Overloaded Fab Kills . | . . . . . Hacking | -11 -10 -10 -9 -9 --------- Run | Scr Mat Min Mat Sto Machines Accessed 10 | . 2 . 6 2 Terminals 8 | . 2 . 5 1 Fabricators . | . . . . . Repair Stations . | . . . . . Recycling Units 1 | . . . . 1 Scanalyzers 1 | . . . 1 . Garrison Access . | . . . . . Total Hacks 18 | . 5 . 8 5 Successful 14 | . 5 . 6 3 Failed 4 | . . . 2 2 Catastrophic . | . . . . . Database Lockouts . | . . . . . Manual . | . . . . . Terminals 13 | . 5 . 5 3 Fabricators . | . . . . . Repair Stations . | . . . . . Recycling Units 2 | . . . . 2 Scanalyzers 3 | . . . 3 . Garrison Access . | . . . . . Terminal Hacks 9 | . 5 . 3 1 Prototype ID Bank 2 | . 1 . 1 . Alert Level 2 | . . . 1 1 Locate Traps 1 | . 1 . . . Disarm Traps 1 | . 1 . . . Dispatch Records 1 | . . . 1 . Hauler Manifests 1 | . 1 . . . Zone Layout 1 | . 1 . . . Fabricator Hacks . | . . . . . Repair Station Hacks . | . . . . . Recycling Unit Hacks 2 | . . . . 2 Process 1 | . . . . 1 Retrieve Matter 1 | . . . . 1 Scanalyzer 3 | . . . 3 . Insert Component 1 | . . . 1 . Analyze 2 | . . . 2 . Garrison Access Hacks . | . . . . . Unauthorized Hacks . | . . . . . Terminals . | . . . . . Fabricators . | . . . . . Repair Stations . | . . . . . Recycling Units . | . . . . . Scanalyzers . | . . . . . Garrison Access . | . . . . . Data Cores Recovered . | . . . . . Used . | . . . . . Hacking Detections 6 | . 1 . 3 2 Full Trace Events 2 | . . . 1 1 Feedback Events . | . . . . . Feedback Blocked . | . . . . . Robot Schematics Acquired . | . . . . . Robots Built . | . . . . . Authchips . | . . . . . Time . | . . . . . Total Robot Build Rating . | . . . . . Part Schematics Acquired . | . . . . . Parts Built . | . . . . . Authchips . | . . . . . Time . | . . . . . Total Part Build Rating . | . . . . . Parts Repaired . | . . . . . Time . | . . . . . Parts Recycled . | . . . . . Recycled Matter 10 | . . . . 10 Retrieved Matter 10 | . . . . 10 Retrieved Components . | . . . . . Parts Scanalyzed 1 | . . . 1 . Part Schematics Acquired . | . . . . . Parts Damaged . | . . . . . Bothacking | -11 -10 -10 -9 -9 ------------ Run | Scr Mat Min Mat Sto Used RIF Installer . | . . . . . Robots Hacked . | . . . . . Non-combat . | . . . . . Combat . | . . . . . Robot Hacks Applied . | . . . . . Relay Couplers Released . | . . . . . Fabnet Peak Effective % . | . . . . . Robots Rewired . | . . . . . Allies Hacked . | . . . . . Hacks Repelled . | . . . . . Allies | -11 -10 -10 -9 -9 -------- Run | Scr Mat Min Mat Sto Total Allies . | . . . . . Largest Group . | . . . . . Highest-Rated Group . | . . . . . Highest-Rated Ally . | . . . . . Total Orders . | . . . . . Ally Attacks . | . . . . . Total Damage . | . . . . . Kills . | . . . . . Allies Corrupted . | . . . . . Allies Melted . | . . . . . Intel | -11 -10 -10 -9 -9 ------- Run | Scr Mat Min Mat Sto Robot Analysis Total . | . . . . . Derelict Logs Recovered . | . . . . . Drone Launches . | . . . . . Drone Recoveries . | . . . . . Exploration | -11 -10 -10 -9 -9 ------------- Run | Scr Mat Min Mat Sto Turns Passed 2355 | 66 1104 222 599 364 Spaces Moved 1114 | 54 550 92 280 138 Core 34 | 16 . . . 18 Treads . | . . . . . Legs 849 | . 357 92 280 120 Wheels 231 | 38 193 . . . Hover . | . . . . . Flight . | . . . . . Fastest Speed 50 | 50 80 190 120 120 Average Speed 154 | 77 148 190 157 179 Slowest Speed 600 | 100 190 190 330 600 Overloaded Moves . | . . . . . Propulsion Burnouts . | . . . . . Robots Hopped . | . . . . . Cave-ins Triggered . | . . . . . Exploration Rate (%) 30 | 3 87 20 20 24 Regions Visited 4 Branch Regions 2 Pre-discovered Areas . | . . . . . Known Exits Taken . | . . . . . Unknown Exits Taken 4 | 1 1 1 1 . Scrap Searched . | . . . . . Spaces Dug 71 | . 69 . 1 1 Terrain Destroyed 138 | . 85 23 29 1 Melee 2 | . . . 1 1 Projectile . | . . . . . AOE 136 | . 85 23 28 . Terrain Rammed . | . . . . . Walls Destroyed . | . . . . . Machines Disabled . | . . . . . Actions | -11 -10 -10 -9 -9 --------- Run | Scr Mat Min Mat Sto Total 1528 | 77 756 117 374 204 Wait 159 | 7 124 4 13 11 Move 1110 | 53 549 91 279 138 Hop . | . . . . . Pick Up 46 | 12 17 3 12 2 Fast Attach 1 | . 1 . . . Attach 30 | 5 2 2 9 12 Detach 1 | . . . . 1 Swap 18 | . 7 4 5 2 Drop 15 | . 10 . 3 2 Fire 144 | . 46 13 52 33 Melee 4 | . . . 1 3 Ram . | . . . . . Kick . | . . . . . Crush . | . . . . . Escape Stasis . | . . . . . Rewire . | . . . . . Trap . | . . . . . Miscellaneous . | . . . . . Route ------- -11/Scrapyard -10/Materials (discovered 4 exits: *Mat x2 / [*Min x2]) -10/Mines -9/Materials (discovered 2 exits: [*Min] / *Sto) -9/Storage History --------- Turn | Location | Event 40 | -11/Scrapyard | Discovered new exit (range 15) 67 | -11/Scrapyard | Entered Materials 311 | -10/Materials | Build established: Mutant 464 | -10/Materials | Discovered new exit (range 10) 732 | -10/Materials | Discovered new exit (range 8) 866 | -10/Materials | Discovered new exit (range 6) 935 | -10/Materials | Core integrity fell below 50% 1000 | -10/Materials | Discovered new exit (range 15) 1171 | -10/Materials | Entered Mines 1182 | -10/Mines | Core integrity fell below 20% 1369 | -10/Mines | Discovered new exit (range 8) 1393 | -10/Mines | Entered Materials 1393 | -9/Materials | Evolved 2 slots: Propulsion x1, Utility x1 1564 | -9/Materials | Lost 6 parts (1p1n1u3w) 1838 | -9/Materials | Build established: Scavenger-Mutant 1929 | -9/Materials | Discovered new exit (range 11) 1929 | -9/Materials | Discovered new exit (range 12) 1992 | -9/Materials | Entered Storage 2246 | -9/Storage | Lost 6 parts (1p3n1u1w) 2318 | -9/Storage | Core integrity fell below 50% 2346 | -9/Storage | Core integrity fell below 20% 2356 | -9/Storage | Destroyed by G-34 Mercenary with Small Laser Last Messages --------------- 02311_ R-06 Scavenger collects Com. Wheel. 02311_ Med. Armor Plating destroyed. 02312_ Acquired 10 matter. 02314_ Acquired 1 matter. 02315_ R-06 Scavenger collects Lrg. Battery. 02315_ Med. Armor Plating destroyed. 02316_ Acquired 1 matter. 02317_ R-06 Scavenger collects Aluminum Leg. 02318_ Acquired 1 matter. 02320_ Lgt. Assault Rifle destroyed. 02321_ G-34 Mercenary destroyed. 02322_ System corrupted: Energy discharge (-82). 02322_ R-06 Scavenger collects Heat Sink. 02327_ Imp. Ion Engine destroyed. 02340_ K-01 Serf collects debris. 02344_ System corrupted: Hammer rejected. 02344_ Targeting Computer destroyed. 02345_ K-01 Serf collects debris. 02346_ R-06 Scavenger collects Hammer. 02348_ Datajack destroyed. Map ----- +----------------------------------------------------+ | ?????????????????????????????????????? | | ?????????????????????????????????????? | | ?????????????????????????????????????? | | ?????????????????????????????????????? | | ?????????????????????????????????????? | | ?????????????????????????????????????? | | ?????????????????????????????????????? | | ?????????????????????????? ??????????? | | ????????????????????? ???? ??????????? | | ????????????????????+ ???? ??????????? | | ????????????????????# ???? ??????????? | | ????????????????????#^^??? ??????????? | | ????????????????????# ??? ??????????? | | ????????????????#???# ???+#?????????? | | ????????????????# ### ### ##????????? | | ????????????????? ?????????? | | ??????????????????? ?????????? | | ????????????????????# #?????????? | | ????????????????????# #?????????? | | ???????????????#????# ######+###? | | ???????????#####+####+## # # | | ???????????# % # + # | | ???????????# # g#%g # | | ???????????# # #% """"""?? | | ???????????# r %g "??????? | | ?????????# / # @ # "??????? | | ?????????# # # # "??????? | | ???????????# # # ?????? | | ???????????############# ########??? | | ??????????????## #"T"### #??#"""###? | | ??????????????# # ####"Y"#"## | | ????????????### u # = # | | ????????????#"" """" # # # | | ????????????#"Y """" # # """ """ # | | ????????????#"" """" + + """ """ # | | ????????????### """" # # """ """ # | | ??????????????# # # # | | ??????????????# # # "T" # | | ??????????????# # # """ # | | ??????????????###"T"#### ########### | | ????????????????#"""#??# # #? | | ????????????????#####??# + """" #? | | ???????????????????????# # ""??" #? | | ???????????????????????# # ""???" #? | | ???????????????????????# + "???"" #? | | ???????????????????????# # "??"" #? | | ???????????????????????# # """" #? | | ???????????????????????# # #? | | ???????????????????????# # #? | | ???????????????????????# ##########? | +----------------------------------------------------+ Best States ------------- Heat Dissipation 28 Energy Generation 12 Energy Capacity 265 Matter Stores 300 Matter Capacity 300 Sight Range 16 Robot Scan Range 14 Terrain Scan Density 10 ECM Strength 1 Armor Coverage 225 Core Shielding 20 Evasion (%) 55 Targeting Accuracy 5 Item Schematics ----------------- None Robot Schematics ------------------ None Fabricated ------------ Nothing Alien Tech Used ----------------- None Achievements -------------- None Challenges ------------ None Game ------ Seed MissileCoilBeamcaster Manual? 0 Play Time 00:42:46 Cumulative 12.7 hours Start 2022.06.25 @ 22:13:03 End 2022.06.25 @ 22:53:18 Sessions 1 Manual Loads 0 Difficulty Rogue Special Mode None Game No. 17 Rogue 17 Adventurer 0 Explorer 0 Win Type - Total 0 Types 0/0/0/0/0/0/0/0/0 Lore% 4 Gallery% 15 Achievement% 13 Wizard Run 0 Options --------- ASCII 0 Keyboard 0 Movement Mouse Keybinds 0 Fullscreen 2 Font 18/SmallcapsGlow Map View 76x50 Tactical HUD 1 Map Filters NONE Filters NONE Steam 1 RUN: 2be25215-a07c-4c64-ab1c-95e7299f7b4f